 Dungeon Crawl Stone Soup version 0.32-a0-338-g4f8ebfe289 (webtiles) character file.

Game seed: 11474604265720659536

1919999 iamserjio the Slayer (level 27, 164/164 HPs)
             Began as a Vine Stalker Monk on Feb 17, 2024.
             Was an Elder of Yredelemnul.
             Escaped with the Orb
             ... and 3 runes
             ... and 1 gem!
             The game lasted 02:39:21 (57020 turns).

iamserjio the Slayer (Vine Stalker Monk)           Turns: 57020, Time: 02:39:22

Health: 164/164    AC: 39    Str: 28    XL:     27
Magic:  35/35      EV: 20    Int: 13    God:    Yredelemnul [****..]
Gold:   357        SH: 28    Dex: 24    Spells: 31/36 levels left

rFire   + . .        x - +9 demon blade (freeze)
rCold   + + +        Y - +5 tower shield {AC+3}
rNeg    . . .        u - +10 plate armour "Koipnal" {Dex+3}
rPois   +            S - +2 hat {SInv}
rElec   +            W - scarf {rC+ rF+}
rCorr   +            K - +0 pair of gloves of Nat Eshi {rPois rC+ Regen+ Dex-4}
SInv    +            i - +3 pair of boots "Baxier" {Str+5}
Will    ++++.        V - amulet "Itwor" {Acrobat Dex+3} Stlth
                     p - ring of Afewut {Fly rElec EV+5 Int+3}
HPRegen 2.07/turn    N - ring "Seucwah" {Wiz rPois rC+ Will+ rCorr}
MPRegen 0.24/turn

%: acrobat, guardian spirit, wizardry (x1)
@: flying, wreathed by umbra, studying Evocations
A: fangs 3, regeneration 1, magic shield, antimagic bite, no potion heal 2, cold
resistance 1, evolution 1
0: Orb of Zot
}: 3/15 runes: barnacled, silver, gossamer
a: Renounce Religion, Light the Black Torch, Recall Undead Harvest, Hurl
Torchlight, Bind Soul


You escaped.
You worshipped Yredelemnul.
Yredelemnul was pleased with you.
You visited 10 branches of the dungeon, and saw 48 of its levels.
You visited the Abyss 1 time.
You visited 1 bazaar.
You also visited: Trove, Sewer and Ice Cave.

You collected 8493 gold pieces.
You spent 8136 gold pieces at shops.

Inventory:

Hand Weapons
 x - a +9 demon blade of freezing (weapon)
 J - a +0 scimitar of distortion
Missiles
 D - 7 curare-tipped darts (quivered)
 P - a throwing net {!f}
Armour
 h - a +0 cloak of willpower
 i - the +3 pair of boots "Baxier" (worn) {Str+5}
   (You bought it in a shop on level 1 of the Elven Halls)

   Str+5:     It affects your strength (+5).
 j - a +2 cloak of preservation
 l - a +1 cloak of poison resistance
 t - a +2 pair of gloves of dexterity
 u - the +10 plate armour "Koipnal" (worn) {Dex+3}
   (You found it on level 3 of the Elven Halls)

   Dex+3:     It affects your dexterity (+3).
 K - the +0 pair of gloves of Nat Eshi (worn) {rPois rC+ Regen+ Dex-4}
   (You bought it in a shop on level 2 of the Orcish Mines)

   Dex-4:     It affects your dexterity (-4).
   rC+:       It protects you from cold.
   rPois:     It protects you from poison Regen+: It increases your rate of
   health regeneration.
 S - a +2 hat of see invisible (worn)
 W - a scarf of resistance (worn)
 Y - a +5 tower shield of protection (worn)
Jewellery
 e - a +6 ring of dexterity
 g - an amulet of regeneration
 n - a ring of poison resistance
 p - the ring of Afewut (left hand) {Fly rElec EV+5 Int+3}
   (You found it on level 3 of the Spider Nest)

   [ring of evasion]

   EV+5:      It affects your evasion (+5).
   Int+3:     It affects your intelligence (+3).
   rElec:     It insulates you from electricity.
   Fly:       It grants you flight.
 q - a ring of protection from fire
 w - a +4 ring of protection
 N - the ring "Seucwah" (right hand) {Wiz rPois rC+ Will+ rCorr}
   (You found it on level 3 of the Elven Halls)

   [ring of wizardry]

   Wiz:       It improves your spell success rate.
   rC+:       It protects you from cold.
   rPois:     It protects you from poison Will+: It increases your willpower.
   rCorr:     It protects you from acid and corrosion.
 V - the amulet "Itwor" (around neck) {Acrobat Dex+3}
   (You found it on level 3 of the Elven Halls)

   [amulet of the acrobat]

   Acrobat:   It increases your evasion while moving and waiting.
   Dex+3:     It affects your dexterity (+3).
 X - the ring of the Ten Knives {rF++ MP+9}
   (You bought it in a shop in a bazaar)

   [ring of magical power]

   rF++:      It greatly protects you from fire.
   MP+9:      It affects your magic capacity (+9).
Wands
 B - a wand of charming (31)
 I - a wand of digging (9) {@v3}
 R - a wand of acid (37) {@v1}
 Z - a wand of iceblast (54) {@v2}
Scrolls
 f - 3 scrolls of summoning
 k - 5 scrolls of teleportation {@r3}
 o - 4 scrolls of blinking {@r4}
 y - 5 scrolls of revelation
 L - 7 scrolls of fear
 O - 4 scrolls of vulnerability
 T - 8 scrolls of fog
Potions
 a - a potion of attraction
 c - 8 potions of ambrosia
 m - 3 potions of berserk rage
 r - 4 potions of magic
 s - a potion of invisibility
 v - 13 potions of mutation
 z - 6 potions of resistance {@q5}
 A - 6 potions of haste {@q4}
 C - 4 potions of might {@q3}
 E - 9 potions of lignification
 G - 5 potions of enlightenment
 Q - 3 potions of cancellation
 U - 17 potions of curing {@q1}
Miscellaneous
 b - a sack of spiders
 d - a phantom mirror
 F - a condenser vane
 H - a lightning rod (4/4)
 M - a phial of floods


   Skills:
 - Level 23.0 Fighting
 + Level 19.6 Long Blades
 - Level 17.0 Armour
 + Level 11.1 Dodging
 - Level 19.0 Shields
 - Level 5.0 Spellcasting
 - Level 8.0 Translocations
 - Level 15.2 Invocations
 - Level 12.2 Evocations


You had 31 spell levels left.
You knew the following spells:

 Your Spells              Type           Power      Damage    Failure   Level
a - Passwall              Erth           3%         N/A       86%         3
b - Blink                 Tloc           48%        N/A       4%          2

Your spell library contained the following spells:

 Spells                   Type           Power      Damage    Failure   Level
 Lesser Beckoning         Tloc           48%        N/A       4%          2
 Gell's Gravitas          Tloc           24%        N/A       8%          3
 Teleport Other           Tloc           24%        N/A       8%          3
 Momentum Strike          Conj/Tloc      26%        3d8       19%         2
 Manifold Assault         Tloc           24%        N/A       24%         4
 Volatile Blastmotes      Fire/Tloc      26%        2d12      34%         3
 Sandblast                Erth           6%         2d5       52%         1
 Slow                     Hex            12%        N/A       52%         1
 Sting                    Conj/Alch      12%        1d3       52%         1
 Summon Small Mammal      Summ           12%        N/A       52%         1
 Call Imp                 Summ           6%         N/A       65%         2
 Cigotuvi's Dreadful Rot  Necr/Alch/Air  6%         N/A       65%         2
 Ensorcelled Hibernation  Hex/Ice        6%         N/A       65%         2
 Jinxbite                 Hex            6%         N/A       65%         2
 Mercury Vapours          Alch/Air       6%         N/A       65%         2
 Static Discharge         Conj/Air       6%         3-4/arc   65%         2
 Sublimation of Blood     Necr           3%         N/A       65%         2
 Vhi's Electric Charge    Tloc/Air       26%        N/A       75%         4
 Call Canine Familiar     Summ           3%         N/A       86%         3
 Confusing Touch          Hex            3%         N/A       86%         3
 Frozen Ramparts          Ice            6%         1d1       86%         3
 Fugue of the Fallen      Necr           3%         N/A       86%         3
 Hailstorm                Conj/Ice       3%         3d5       86%         3
 Inner Flame              Hex/Fire       3%         N/A       86%         3
 Mephitic Cloud           Conj/Alch/Air  3%         N/A       86%         3
 Ozocubu's Armour         Ice            3%         N/A       86%         3
 Sigil of Binding         Hex            3%         N/A       86%         3
 Stone Arrow              Conj/Erth      6%         3d7       86%         3
 Swiftness                Air            3%         N/A       86%         3
 Vampiric Draining        Necr           3%         2d6       86%         3
 Dispersal                Tloc           12%        N/A       97%         6
 Airstrike                Air            1%         2d(1-17)  99%         4
 Anguish                  Hex/Necr       1%         N/A       99%         4
 Animate Armour           Summ/Erth      6%         N/A       99%         4
 Brom's Barrelling Bould  Conj/Erth      3%         2d3       99%         4
 Cause Fear               Hex            1%         N/A       99%         4
 Ignite Poison            Fire/Alch      3%         N/A       99%         4
 Olgreb's Toxic Radiance  Alch           3%         N/A       99%         4
 Summon Blazeheart Golem  Fire/Summ      3%         N/A       99%         4
 Summon Lightning Spire   Summ/Air       3%         N/A       99%         4
 Arcjolt                  Conj/Air       1%         1d11      100%        5
 Borgnjor's Vile Clutch   Necr/Erth      1%         N/A       100%        5
 Fireball                 Conj/Fire      1%         3d3       100%        5
 Freezing Cloud           Conj/Ice/Air   1%         6-21      100%        5
 Irradiate                Conj/Alch      1%         3d12      100%        5
 Lee's Rapid Deconstruct  Erth           1%         3d4*      100%        5
 Metabolic Englaciation   Hex/Ice        1%         N/A       100%        5
 Yara's Violent Unravell  Hex/Alch       1%         3d3       100%        5
 Conjure Ball Lightning   Conj/Air       1%         3x3d6     100%        6
 Sculpt Simulacrum        Ice/Alch       1%         N/A       100%        6
 Starburst                Conj/Fire      1%         6d3       100%        6
 Enfeeble                 Hex            1%         N/A       100%        7
 Malign Gateway           Summ/Tloc      6%         N/A       100%        7
 Ozocubu's Refrigeration  Ice            1%         4d7       100%        7
 Summon Hydra             Summ           1%         N/A       100%        7
 Discord                  Hex            1%         N/A       100%        8
 Disjunction              Tloc           12%        N/A       100%        8
 Ignition                 Fire           1%         3d3       100%        8
 Maxwell's Capacitive Co  Air            1%         ∞         100%        8
 Dragon's Call            Summ           1%         N/A       100%        9
 Polar Vortex             Ice            1%         N/A       100%        9
 Animate Dead             Necr           Unusable   N/A       N/A         4
 Death Channel            Necr           Unusable   N/A       N/A         6

Dungeon Overview and Level Annotations

Branches:
Dungeon (15/15)            Temple (1/1) D:7            Lair (5/5) D:10
 Shoals (4/4) Lair:3       Spider (4/4) Lair:2        Slime (0/5) Lair:4
    Orc (2/2) D:11            Elf (3/3) Orc:2        Vaults (5/5) D:14
  Crypt (0/3) Vaults:3     Depths (4/4) D:15            Zot (5/5) Depths:4
  Sewer (visited)           IceCv (visited)

Altars:
Ashenzari
Cheibriados
Dithmenos
Elyvilon
Fedhas
Gozag
Hepliaklqana
Kikubaaqudgha
Makhleb
Nemelex Xobeh
Okawaru
Qazlal
Ru
Sif Muna
Trog
Uskayaw
Vehumet
Wu Jian
Xom
Yredelemnul
Zin
The Shining One
Lugonu

Shops:
D:6 *[   D:14 *   Orc:2 [(?(   Elf:1 *([[(   Elf:2 :*[(   Elf:3 **=[:
Vaults:2 ([   Vaults:5 !   Depths:2 *   Depths:3 (

Portals:
Hell: Depths:1 Depths:2 Depths:3 Depths:4
Abyss: Lair:1 Depths:1 Depths:3
Pandemonium: Depths:1 Depths:2
Ziggurat: Depths:1

Annotations:
Lair:1 2 transporters, fexil's ghost, journeyman DrSu
Depths:2 3 runed translucent doors, exclusion: obsidian statue, ongoing's ghost, veteran OnGl
Zot:3 1 exclusion


Innate Abilities, Weirdness & Mutations

You have razor-sharp teeth.
Your natural rate of healing is unusually fast.
When hurt, damage is shared between your health and your magic reserves.
Your bite disrupts and absorbs the magic of your enemies.
Potions cannot restore your health.
Your flesh is cold resistant. (rC+)
You have hidden genetic potential.


Message History

There is a stone staircase leading down here.
You see here a stone.
There is a stone staircase leading up here.
You fly upwards.
There is a stone staircase leading down here.
Things that are here:
a +0 chain mail; a +0 club; an orc skeleton
There is a stone staircase leading up here.
You fly upwards.
There is a stone staircase leading down here.
You see here a +0 short sword.
You see here a +0 robe.
You see here an adder skeleton.
A Tzitzimitl comes into view.
There is a stone staircase leading up here.
You fly upwards.
There is a stone staircase leading down here.
You can't go up here!
What level of the Dungeon? (default 1, ? - help)
There is a stone staircase leading up here.
You fly upwards.
There is a stone staircase leading down here.
There is a stone staircase leading up here.
You fly upwards.
There is a stone staircase leading down here.
You can't go up here!
An Orb Guardian comes into view.
Okay, then.
Your bound Killer Klown is recalled.
You slash the Orb Guardian! You freeze the Orb Guardian.
Your bite misses the Orb Guardian. You block the Orb Guardian's attack.
Your bound Killer Klown blinks!
You block the Orb Guardian's attack. x2
You block the Orb Guardian's attack.
Your bound Killer Klown pies the Orb Guardian viciously!
The klown pie hits the Orb Guardian!!
Blueberry!
The Orb Guardian loses the ability to speak.
There is a staircase leading out of the dungeon here.
Magic restored.
You have escaped!

.#.#..#...#######.######..#
#.#
.#.#....#.#...#.###.##....#
#.#
........#...#.#...#..#.####
#.#
##.##.#######.###.##.#..#
#.#
#.†.#.####....#....#.##.#
#.#
....#.(.#..##.#..#...Z..#
#.#
#...########..#..########
#.# ##### #...###.#...#..#
#.# ##.#....@....#.## #.#
#..#...#.###...# #.#
########..#..#### #.#
#......#..#.##..# #.#
####.##.#....#....## #.#
#..#..#.##.###.##### #.#
### #.###.#..#...#.#...#
#.# ..##
#.....##.###.#...#.### #.#
.#.###...###### #######...#
#.#


There were no monsters in sight!

Vanquished Creatures
  6 dread liches
  3 orbs of fire (Zot:5)
  6 ancient liches
  A juggernaut (Depths:4)
  2 Killer Klowns (Zot:5)
  A curse toe (Zot:4)
  5 golden dragons
  Nikola (Spider:3)
  2 Tzitzimimeh
  2 electric golems (Zot:5)
  6 tentacled monstrosities
  Mlioglotl (Shoals:3)
  19 Orb Guardians
  5 deep elf master archers (Elf:3)
  A lich (Depths:1)
  4 deep elf blademasters
  A sphinx (Depths:1)
  4 quicksilver dragons
  3 death cobs
  An acid blob (Zot:3)
  7 titans
  Polyphemus (Shoals:2)
  8 tengu reavers
  2 draconian monks (Zot:5)
  Aizul (Spider:3)
  A daeva (D:9)
  8 storm dragons
  Donald (Vaults:3)
  A draconian knight (Zot:5)
  2 protean progenitors
  5 shadow dragons
  7 deep elf sorcerers
  14 vault wardens
  10 fire giants
  4 frost giants
  A spectral tentacled monstrosity (Zot:3)
  A draconian shifter (Zot:1)
  2 ghost moths
  An iron dragon (Vaults:5)
  2 orc warlords
  4 draconian stormcallers
  A balrug (Depths:3)
  16 ironbound preservers
  A deep elf elementalist (Elf:3)
  2 reapers
  A cacodemon (Depths:3)
  3 formless jellyfish (Vaults:4)
  A spriggan defender (Depths:2)
  A draconian annihilator (Zot:5)
  12 very ugly things
  10 stone giants
  6 green draconians
  5 black draconians
  5 ironbound thunderhulks
  3 vampire knights
  5 deep elf death magi
  8 deep elf demonologists
  2 war gargoyles
  6 dire elephants
  6 white draconians
  4 deep elf annihilators
  5 purple draconians
  11 yellow draconians
  2 bunyips (Zot:5)
  2 spark wasps
  8 fire dragons
  2 blizzard demons (Depths:1)
  Snorg (D:11)
  3 ettins
  2 merfolk javelineers (Shoals:4)
  6 yaktaur captains
  4 deep elf high priests
  6 entropy weavers
  3 merfolk impalers
  2 rakshasas
  2 great orbs of eyes
  29 vault guards
  7 hydras
  2 peacekeepers
  4 spriggan air magi
  An ogre mage (D:14)
  An entropy weaver (shapeshifter) (Elf:1)
  A hell beast (Depths:4)
  4 ice dragons
  9 ironbound frosthearts
  2 merfolk avatars
  2 catoblepae
  3 merfolk aquamancers
  23 dancing weapons
  A two-headed ogre (shapeshifter) (Vaults:2)
  12 centaur warriors
  8 demonic crawlers
  3 satyrs (Shoals:4)
  7 boulder beetles
  3 vampire magi
  4 deep troll shamans
  5 deep troll earth magi
  4 two-headed ogres
  A thrashing horror (Abyss:2)
  6 tengu warriors
  2 orc high priests (Vaults:1)
  5 spriggan berserkers
  11 death yaks
  16 deep elf knights
  29 hell knights
  3 soul eaters
  A titan skeleton (Vaults:1)
  A skyshark (Shoals:3)
  3 wretched stars (Abyss:2)
  A sixfirhy (Depths:3)
  A salamander mystic (Depths:1)
  5 pharaoh ants
  A skyshark (shapeshifter) (Elf:1)
  4 iron trolls
  A death drake (Zot:4)
  A glowing orange brain (D:15)
  3 flayed ghosts
  3 orb spiders
  6 sea snakes
  38 deep trolls
  3 skeletal warriors (D:15)
  10 deep elf archers
  5 harpies
  9 ironbound convokers
  3 phantasmal warriors
  An arcanist (Vaults:4)
  7 necromancers
  31 deep elf zephyrmancers
  An obsidian statue (Depths:3)
  11 steelbarb worms
  11 wolf spiders
  7 orc knights
  A sphinx simulacrum (Vaults:1)
  2 lindwurms
  A salamander (Depths:1)
  6 cyclopes
  10 manticores
  24 deep elf pyromancers
  An orc sorcerer (Orc:1)
  15 ugly things
  2 fauns (Shoals:2)
  18 moths of wrath
  2 oklob plants (Lair:1)
  A meliai (shapeshifter) (Elf:1)
  An ice statue (IceCv)
  3 meliai (Spider:4)
  A guardian serpent (shapeshifter) (Depths:2)
  A molten gargoyle (Lair:5)
  10 vault sentinels
  5 black mambas
  7 kobold blastminers
  3 merfolk sirens
  6 elephants
  9 torpor snails
  A rust devil (Zot:5)
  3 large abominations
  4 smoke demons
  A water nymph (Shoals:4)
  A cane toad (shapeshifter) (Elf:1)
  2 gargoyles
  12 cane toads
  An orange demon (Abyss:2)
  An ice devil (D:11)
  6 rime drakes
  4 efreet
  4 tengu conjurers
  A tormentor (Depths:2)
  8 komodo dragons
  A freezing wraith (D:10)
  20 yaktaurs
  A red draconian skeleton (Zot:4)
  2 red devils (Depths:3)
  6 starcursed masses (Abyss:2)
  3 trolls
  A guardian mummy (Zot:4)
  An ancient zyme (Abyss:2)
  6 polar bears
  2 wind drakes (Shoals:4)
  A hornet (Depths:2)
  17 merfolk
  A moth of wrath zombie (Zot:3)
  A raiju (shapeshifter) (D:10)
  3 tarantellas
  7 snapping turtles
  4 raiju (Abyss:2)
  19 blink frogs
  8 dream sheep
  Sigmund (D:4)
  3 shadows
  23 slime creatures
  4 jumping spiders
  8 water elementals
  6 wyverns
  A spriggan (Depths:4)
  An air elemental (Elf:2)
  4 ynoxinuls (Abyss:2)
  5 culicivoras
  37 yaks
  A vampire (D:9)
  2 fire elementals
  2 wraiths (D:13)
  2 basilisks (shapeshifter) (Elf:1)
  3 fire bats (Lair:3)
  8 wargs
  5 steam dragons
  4 basilisks
  2 neqoxecs (Abyss:2)
  27 redbacks
  3 chaos spawn
  6 vampire mosquitoes
  Menkaure (D:7)
  6 small abominations (Abyss:2)
  2 acid dragons (shapeshifter)
  2 acid dragons
  4 hell hounds
  17 water moccasins
  3 ice beasts
  6 laughing skulls
  27 orc warriors
  A black bear (shapeshifter) (Depths:2)
  2 ogres
  12 wolves
  13 centaurs
  2 kobold brigands (Sewer)
  2 phantoms
  10 bullfrogs
  3 gnoll sergeants
  A brain worm (Abyss:2)
  4 earth elementals
  2 scorpions (D:10)
  A hornet simulacrum (D:14)
  A killer bee (D:10)
  A howler monkey (D:8)
  4 lava snakes (Lair:5)
  4 hounds
  A quasit (Abyss:2)
  A bombardier beetle (D:3)
  5 jellies
  15 orc priests
  2 sleepcaps
  A gnoll bouda (D:10)
  An iguana (D:5)
  15 orc wizards
  3 hell rats (Lair:5)
  4 ogre zombies (D:11)
  13 gnolls
  8 adders
  2 shadow imps (D:6)
  13 white imps
  7 ufetubi
  2 ribbon worms
  3 dart slugs
  78 orcs
  4 endoplasms
  7 giant cockroaches
  5 goblins
  9 hobgoblins
  7 jackals
  31 kobolds
  6 quokkas
  10 ball pythons
  12 bats
  5 frilled lizards
  2 gnoll skeletons (D:11)
  A gnoll zombie (D:11)
  An orc skeleton (D:11)
  3 orc zombies (D:11)
  10 rats
1548 creatures vanquished.

Vanquished Creatures (collateral kills)
  2 orbs of fire
  A curse toe (Zot:5)
  A Killer Klown (Zot:5)
  Saint Roka (Vaults:1)
  3 golden dragons
  Arachne (Spider:3)
  A Brimstone Fiend (Zot:5)
  2 tentacled monstrosities
  A walking crystal tome (Depths:3)
  7 Orb Guardians (Zot:5)
  A deep elf blademaster (Elf:3)
  A sphinx (Vaults:2)
  6 death cobs
  An Executioner (Zot:5)
  2 shadow dragons
  A tengu reaver (Vaults:5)
  Roxanne (Spider:1)
  2 storm dragons
  3 draconian knights
  An iron dragon (Depths:3)
  An emperor scorpion (Spider:4)
  A draconian shifter (Zot:5)
  2 ghost moths
  4 frost giants
  3 draconian scorchers
  2 vault wardens
  5 ironbound preservers
  2 very ugly things
  A draconian stormcaller (Zot:1)
  A broodmother (Spider:3)
  An orc warlord (Vaults:2)
  2 ironbound thunderhulks
  4 stone giants
  3 dire elephants
  A deep elf annihilator (Vaults:5)
  2 red draconians (Zot:5)
  A purple draconian (Zot:5)
  9 spark wasps
  A black draconian (Zot:3)
  3 white draconians
  2 war gargoyles (Vaults:5)
  A yellow draconian (Zot:5)
  3 vampire knights
  An ettin (Depths:1)
  3 merfolk javelineers
  A crystal guardian (Vaults:2)
  6 fire dragons
  A deep elf high priest (Vaults:5)
  7 merfolk impalers
  3 entropy weavers (Spider:4)
  4 rakshasas
  3 yaktaur captains
  A jorogumo (Spider:4)
  4 ironbound frosthearts
  3 vault guards (Vaults:5)
  3 great orbs of eyes
  A catoblepas (Lair:5)
  A merfolk avatar (Shoals:4)
  4 hydras
  8 dancing weapons
  5 centaur warriors
  2 radroaches (Spider:4)
  6 boulder beetles
  3 spriggan air magi
  3 merfolk aquamancers (Shoals:4)
  5 death yaks
  3 deep troll earth magi (Depths:3)
  A tengu warrior (Depths:1)
  2 satyrs
  A vampire mage (Depths:1)
  7 demonic crawlers
  3 spriggan berserkers
  10 hell knights
  4 deep elf knights
  3 soul eaters
  2 sun demons (Depths:3)
  A sixfirhy (Depths:3)
  3 skysharks
  2 pharaoh ants (Spider:4)
  A goliath frog (Zot:3)
  18 deep trolls
  3 glowing orange brains
  2 skeletal warriors (D:15)
  An arcanist (D:15)
  A deep elf archer (Vaults:5)
  An ironbound convoker (Vaults:5)
  A flayed ghost (Depths:4)
  2 spriggan riders (Depths:4)
  2 sun moths (Spider:4)
  7 sea snakes
  2 orb spiders
  3 phantasmal warriors
  2 steelbarb worms
  5 orc knights
  17 harpies
  3 necromancers
  6 deep elf zephyrmancers
  7 ugly things
  6 deep elf pyromancers
  10 wolf spiders
  4 fauns
  2 oklob plants (Lair:1)
  A salamander (Depths:1)
  A fire giant zombie (Depths:2)
  Maurice (D:7)
  9 manticores
  3 elephants
  8 moths of wrath
  2 cyclopes
  5 water nymphs
  5 meliai (Spider:4)
  2 black mambas
  3 kobold blastminers
  4 merfolk sirens
  An apocalypse crab (Abyss:2)
  A molten gargoyle (Lair:5)
  3 torpor snails
  3 vault sentinels
  6 cane toads
  3 rime drakes
  A death yak zombie (Lair:4)
  A tengu conjurer (Depths:1)
  2 komodo dragons
  A komodo dragon (shapeshifter) (D:15)
  An efreet (D:8)
  3 yaktaurs (Vaults:1)
  A sea snake zombie (Shoals:2)
  A harpy zombie (Shoals:3)
  A polar bear (IceCv)
  5 tarantellas
  21 merfolk
  2 wind drakes
  A troll (D:10)
  4 hornets
  8 blink frogs
  A deep troll zombie (Depths:3)
  3 snapping turtles
  3 dream sheep
  A raiju (shapeshifter) (Vaults:5)
  16 jumping spiders
  4 slime creatures
  4 culicivoras
  3 spriggans
  A shadow (D:13)
  7 water elementals
  A wraith (D:10)
  2 wyverns
  9 yaks
  3 wargs (Orc:2)
  15 redbacks
  Grum (Lair:1)
  A fire bat (Lair:3)
  5 basilisks
  A human simulacrum (Vaults:1)
  4 starcursed masses (Abyss:2)
  A neqoxec (D:13)
  8 water moccasins
  A hell hound (D:12)
  8 orc warriors
  2 sky beasts (D:8)
  5 wolves
  4 centaurs
  A phantom (D:11)
  A kobold brigand (D:10)
  A bullfrog (Lair:3)
  A brain worm (Abyss:2)
  A salamander zombie (Depths:1)
  An earth elemental (Elf:1)
  A howler monkey (D:11)
  A jelly (Lair:4)
  4 orc priests
  A sleepcap (D:7)
  4 orc wizards
  2 hell rats (Lair:5)
  4 ogre zombies (D:11)
  13 orcs
  2 gnoll skeletons (D:11)
  3 gnoll zombies (D:11)
  2 orc skeletons (D:11)
  13 orc zombies (D:11)
  An aspiring flesh (Zot:3)
605 creatures vanquished.

Vanquished Creatures (others)
  A spectral fire dragon (Depths:3)
  An eldritch tentacle (Zot:5)
  A draconian knight (Zot:5)
  3 spectral tentacled monstrosities
  An angel (D:6)
  2 spectral tengu
  4 quicksilver dragon zombies
  A very ugly thing zombie (Depths:3)
  A spectral frost giant (Shoals:3)
  A spectral human (Spider:4)
  5 Orb Guardian zombies (Zot:5)
  A spectral protean progenitor (Zot:5)
  A spectral merfolk (Spider:4)
  2 titan zombies (Vaults:5)
  A storm dragon zombie (Vaults:5)
  A spectral balrug (Depths:3)
  4 deep elf knights (Elf:2)
  3 golden dragon zombies
  2 ghost moth zombies
  3 spark wasp zombies
  A spectral cacodemon (Depths:3)
  3 wolf spider zombies
  A jorogumo zombie (Spider:4)
  A deep elf pyromancer (Elf:3)
  A shadow dragon zombie (Zot:5)
  A deep elf zephyrmancer (Elf:2)
  An orc knight (Vaults:2)
  A stone giant zombie (Vaults:5)
  A formless jellyfish zombie (Vaults:4)
  6 ugly thing zombies
  3 fire giant zombies
  6 draconian zombies
  A salamander (Depths:1)
  A merfolk siren (Shoals:3)
  A manticore (Shoals:3)
  A moth of wrath (Zot:1)
  A death yak zombie (IceCv)
  3 yellow draconian zombies (Zot:5)
  A purple draconian zombie (Zot:5)
  6 sea snake zombies
  9 redback zombies
  An orb spider zombie (Spider:4)
  4 steelbarb worm zombies (Spider:4)
  4 white draconian zombies (Zot:5)
  3 demonic crawler zombies
  12 harpy zombies
  6 moth of wrath zombies
  3 jumping spider zombies
  A snapping turtle (Shoals:2)
  2 radroach zombies (Spider:4)
  2 tarantella zombies
  A culicivora zombie (Spider:2)
  An ettin zombie (Vaults:5)
  3 satyr zombies
  An ice dragon zombie (Depths:2)
  3 fire dragon zombies
  4 meliai zombies (Spider:4)
  A water elemental (Elf:3)
  A ynoxinul (Depths:3)
  8 slime creature zombies
  A redback (Spider:4)
  12 deep troll zombies
  A chaos spawn (Depths:3)
  A faun zombie (Shoals:2)
  A two-headed ogre zombie (D:10)
  10 merfolk zombies
  4 fire bat zombies (Lair:3)
  29 human zombies
  3 tengu zombies
  3 entropy weaver zombies
  A hell hound (Lair:5)
  A spectral red devil (Depths:3)
  A spectral smoke demon (Depths:3)
  2 cane toad zombies (Lair:2)
  2 spectral efreet (D:15)
  3 dream sheep zombies
  48 elf zombies
  4 manticore zombies
  5 blink frog zombies
  3 torpor snail zombies
  2 rime drake zombies
  2 spectral ynoxinuls
  A komodo dragon zombie (Lair:5)
  3 yaktaur zombies
  4 warg zombies (Orc:2)
  2 hell hound zombies (Lair:5)
  2 water moccasin zombies
  2 wyvern zombies
  A cyclops zombie (D:15)
  6 spriggan zombies
  2 raiju zombies
  5 yak zombies
  6 wolf zombies
  A bullfrog zombie (Lair:2)
  3 centaur zombies
  A killer bee zombie (D:10)
  A brain worm zombie (Abyss:2)
  An acid dragon zombie (D:10)
  2 ogre zombies
  A spectral quasit (Abyss:2)
  4 gnoll zombies
  A lava snake zombie (Lair:5)
  A spectral white imp (D:11)
  An orc (Orc:1)
  6 kobold zombies (D:10)
  30 orc zombies
  A lurking horror (Abyss:2)
377 creatures vanquished.

Grand Total: 2530 creatures vanquished

Notes
Turn   | Place    | Note
-------+----------+-------------------------------------------
     0 | D:1      | iamserjio the Vine Stalker Monk began the quest for the
                  | Orb.
     0 | D:1      | Reached XP level 1. HP: 11/11 MP: 2/2
    67 | D:1      | Reached XP level 2. HP: 16/16 MP: 3/3
   231 | D:1      | Reached skill level 1 in Spellcasting
   253 | D:1      | Reached skill level 3 in Fighting
   253 | D:1      | Reached XP level 3. HP: 20/20 MP: 5/5
  1030 | D:2      | Reached XP level 4. HP: 24/24 MP: 7/7
  1807 | D:3      | Reached XP level 5. HP: 28/28 MP: 8/8
  2095 | D:3      | Reached XP level 6. HP: 33/33 MP: 10/10
  2178 | D:3      | Found a glowing drain.
  2184 | Sewer    | Entered a sewer
  2262 | Sewer    | Reached skill level 5 in Long Blades
  2375 | Sewer    | Reached skill level 4 in Fighting
  2685 | D:4      | Reached XP level 7. HP: 37/37 MP: 11/11
  2707 | D:4      | Found a shadowy altar of Dithmenos.
  2811 | D:4      | Found a radiant altar of Vehumet.
  2845 | D:4      | Noticed Sigmund
  2930 | D:4      | Found a stormy altar of Qazlal.
  2940 | D:4      | Found a blossoming altar of Fedhas.
  3234 | D:5      | Entered Level 5 of the Dungeon
  3533 | D:4      | Killed Sigmund
  3534 | D:4      | Gained mutation: You have razor-sharp teeth. [Vine Stalker
                  | growth]
  3534 | D:4      | Reached XP level 8. HP: 42/42 MP: 12/12
  3920 | D:5      | Reached skill level 5 in Fighting
  4211 | D:5      | Reached skill level 1 in Evocations
  4671 | D:6      | Noticed an angel
  4671 | D:6      | Found a glowing silver altar of Zin.
  4671 | D:6      | Found a shimmering altar of Xom.
  4819 | D:6      | Found Izoo's Antique Armour Boutique.
  4825 | D:6      | Bought a glowing chain mail for 180 gold pieces
  4992 | D:6      | Killed an angel
  5549 | D:6      | Reached XP level 9. HP: 44/47 MP: 11/13
  5574 | D:6      | Found Orchytok's General Store.
  5905 | D:7      | Found a staircase to the Ecumenical Temple.
  5922 | Temple   | Entered the Ecumenical Temple
  5987 | D:7      | Noticed Maurice
  6033 | Temple   | Became a worshipper of Yredelemnul the Fallen
  6033 | Temple   | Reached * piety under Yredelemnul
  6033 | Temple   | Reached ** piety under Yredelemnul
  6059 | D:7      | Killed Maurice
  6060 | D:7      | Reached skill level 6 in Fighting
  6060 | D:7      | Reached skill level 5 in Dodging
  6060 | D:7      | Reached skill level 1 in Invocations
  6295 | D:7      | Found a burning altar of Makhleb.
  6300 | D:7      | Found a sacrificial altar of Ru.
  6301 | D:7      | Found an ornate altar of the Wu Jian Council.
  6302 | D:7      | Found a white marble altar of Elyvilon.
  6302 | D:7      | Found a hazy altar of Hepliaklqana.
  6302 | D:7      | Found a bloodstained altar of Trog.
  6307 | D:7      | Found a hide-covered altar of Uskayaw.
  6357 | D:7      | Noticed Menkaure
  6370 | D:7      | Killed Menkaure
  7143 | D:8      | Noticed a hornet
  7156 | D:8      | Killed a hornet
  7158 | D:8      | Reached XP level 10. HP: 53/53 MP: 11/14
  7191 | D:8      | Found a shimmering blue altar of Sif Muna.
  7263 | D:8      | Found an iron altar of Okawaru.
  7620 | D:9      | Found an opulent altar of Gozag.
  7723 | D:9      | Noticed a two-headed ogre
  7730 | D:9      | Killed a two-headed ogre
  7731 | D:9      | Reached skill level 7 in Fighting
  7915 | D:9      | Noticed a two-headed ogre
  7921 | D:9      | Killed a two-headed ogre
  7921 | D:9      | Reached *** piety under Yredelemnul
  7922 | D:9      | Reached skill level 10 in Long Blades
  8174 | D:10     | Entered Level 10 of the Dungeon
  8370 | D:10     | Reached skill level 5 in Invocations
  8375 | D:10     | Reached skill level 1 in Shields
  8375 | D:10     | Reached XP level 11. HP: 55/58 MP: 12/15
  8382 | D:10     | Noticed a fire dragon
  8490 | D:10     | Noticed a two-headed ogre
  8496 | D:10     | Killed a two-headed ogre
  8629 | D:10     | Noticed a manticore
  8630 | D:10     | Noticed a flayed ghost
  8647 | D:10     | Killed a flayed ghost
  8651 | D:10     | Killed a manticore
  8652 | D:10     | Reached skill level 8 in Fighting
  8773 | D:10     | Noticed a centaur warrior
  8778 | D:10     | Killed a centaur warrior
  8880 | D:10     | Killed a fire dragon
  8910 | D:10     | Found a staircase to the Lair.
  9007 | D:10     | Noticed a centaur warrior
  9081 | D:10     | Killed a centaur warrior
  9905 | D:11     | Found a staircase to the Orcish Mines.
  9918 | D:11     | Reached XP level 12. HP: 65/65 MP: 16/16
  9945 | D:11     | Noticed a boulder beetle
  9955 | D:11     | Killed a boulder beetle
  9956 | D:11     | Reached skill level 9 in Fighting
 10135 | D:11     | Noticed Snorg
 10144 | D:11     | Killed Snorg
 10144 | D:11     | Reached **** piety under Yredelemnul
 10183 | D:11     | Reached skill level 5 in Shields
 10232 | D:11     | Found a frozen archway.
 10291 | IceCv    | Entered an ice cave
 10317 | IceCv    | Noticed a death yak
 10338 | IceCv    | Reached skill level 10 in Fighting
 10338 | IceCv    | Killed a death yak
 10577 | IceCv    | Noticed a death yak
 10582 | IceCv    | Noticed a death yak
 10586 | IceCv    | Killed a death yak
 10598 | IceCv    | Killed a death yak
 10925 | IceCv    | Noticed a death yak
 10932 | IceCv    | Noticed a death yak
 10939 | IceCv    | Killed a death yak
 10940 | IceCv    | Reached XP level 13. HP: 59/72 MP: 15/17
 10996 | IceCv    | Noticed a frost giant
 11000 | IceCv    | Reached skill level 11 in Fighting
 11035 | IceCv    | Killed a frost giant
 11035 | IceCv    | Bound a frost giant
 11828 | Lair:1   | Entered Level 1 of the Lair of Beasts
 11962 | Lair:1   | Found a transporter.
 11988 | Lair:1   | Noticed Grum
 11994 | Lair:1   | Killed Grum
 12039 | Lair:1   | Noticed a rakshasa
 12090 | Lair:1   | Found a one-way gate to the infinite horrors of the Abyss.
 12109 | Lair:1   | Found a transporter.
 12170 | Lair:1   | Reached ***** piety under Yredelemnul
 12269 | Lair:1   | Reached skill level 12 in Fighting
 12798 | Lair:2   | Identified the ring of Hil Gepn {rElec Will- Str+6 Dex+4}
 13009 | Lair:2   | Reached XP level 14. HP: 66/81 MP: 19/19
 13168 | Lair:2   | Found a hole to the Spider Nest.
 13501 | Lair:2   | Reached skill level 5 in Evocations
 13529 | Lair:2   | Reached skill level 13 in Fighting
 13802 | Lair:3   | Reached ****** piety under Yredelemnul
 13821 | Lair:3   | Found a transporter.
 13900 | Lair:3   | Found a staircase to the Shoals.
 14323 | Lair:3   | Found a transporter.
 14886 | Lair:4   | Reached skill level 1 in Armour
 15215 | Lair:4   | Found a staircase to the Slime Pits.
 15665 | Lair:5   | Entered Level 5 of the Lair of Beasts
 15807 | Lair:5   | Reached skill level 14 in Fighting
 15811 | Lair:5   | Reached XP level 15. HP: 81/88 MP: 21/21
 15872 | Lair:5   | Found a large runed translucent door.
 15872 | Lair:5   | Found a large runed translucent door.
 16796 | Lair:3   | Identified the +1 cloak of the Pit {^Contam Str+4 Dex+3}
 16930 | Lair:1   | Noticed fexil's ghost (journeyman DrSu)
 17797 | D:13     | Reached skill level 15 in Fighting
 17894 | D:13     | Found a white marble altar of Elyvilon.
 17981 | D:13     | Found a portal to a secret trove of treasure.
 17992 | D:13     | Identified a scroll of acquirement
 18329 | D:14     | Reached skill level 10 in Shields
 18669 | D:14     | Found Zuon's General Store.
 18675 | D:14     | Bought a potion of mutation for 120 gold pieces
 18675 | D:14     | Bought a potion of enlightenment for 75 gold pieces
 18675 | D:14     | Bought a +1 helmet for 172 gold pieces
 18675 | D:14     | Bought a scroll of fog for 60 gold pieces
 18687 | D:14     | Bought a ring of ice for 375 gold pieces
 19260 | D:14     | Reached XP level 16. HP: 84/95 MP: 20/23
 19296 | D:14     | Found a gate to the Vaults.
 19394 | D:15     | Entered Level 15 of the Dungeon
 20043 | D:15     | Reached skill level 16 in Fighting
 20101 | D:15     | Found a staircase to the Depths.
 20401 | D:15     | Learned a level 3 spell: Passwall
 20569 | Orc:1    | Entered Level 1 of the Orcish Mines
 20608 | Orc:1    | Reached skill level 10 in Invocations
 20808 | Orc:2    | Entered Level 2 of the Orcish Mines
 20808 | Orc:2    | Found a staircase to the Elven Halls.
 21382 | Orc:2    | Found Hokhluf's Magic Scroll Emporium.
 21382 | Orc:2    | Found Ziudwuv's Antique Weapon Boutique.
 21384 | Orc:2    | Found Heuxeh's Antique Armour Shop.
 21386 | Orc:2    | Found Bozxagam's Antique Weapon Shoppe.
 21923 | Orc:2    | Bought a pair of scorched gloves for 247 gold pieces
 21923 | Orc:2    | Identified the +0 pair of gloves of Nat Eshi {rPois rC+
                  | Regen+ Dex-4} (You bought it in a shop on level 2 of the
                  | Orcish Mines)
 21923 | Orc:2    | Bought a masterwork plate armour for 728 gold pieces
 21923 | Orc:2    | Identified the +2 plate armour of Mezcal {Fly} (You bought
                  | it in a shop on level 2 of the Orcish Mines)
 21923 | Orc:2    | Bought a pair of glowing gloves for 195 gold pieces
 21927 | Orc:2    | Acquired 672 gold pieces
 21940 | Orc:2    | Bought a scroll of enchant armour for 97 gold pieces
 21940 | Orc:2    | Bought a scroll of fog for 52 gold pieces
 21940 | Orc:2    | Bought a scroll of revelation for 97 gold pieces
 21940 | Orc:2    | Bought a scroll of blinking for 97 gold pieces
 21940 | Orc:2    | Bought a scroll of identify for 26 gold pieces
 21940 | Orc:2    | Bought a scroll of identify for 26 gold pieces
 22149 | Spider:1 | Entered Level 1 of the Spider Nest
 22710 | Spider:1 | Noticed Roxanne
 22724 | Spider:1 | Killed Roxanne
 23837 | Spider:2 | Reached XP level 17. HP: 102/102 MP: 25/25
 24002 | Spider:2 | Reached skill level 17 in Fighting
 24546 | Spider:3 | Identified the ring of Afewut {Fly rElec EV+5 Int+3}
 24917 | Spider:3 | Identified the serpent talisman of Complete Protection
                  | {Int+2}
 24917 | Spider:3 | Noticed Aizul
 24925 | Spider:3 | Killed Aizul
 25240 | Spider:3 | Noticed Nikola
 25253 | Spider:3 | Killed Nikola
 25274 | Spider:3 | Noticed Arachne
 25286 | Spider:3 | Killed Arachne
 25534 | Spider:4 | Entered Level 4 of the Spider Nest
 25534 | Spider:4 | Noticed Louise
 25684 | Shoals:1 | Entered Level 1 of the Shoals
 26267 | Shoals:2 | Noticed Polyphemus
 26282 | Shoals:2 | Killed Polyphemus
 26283 | Shoals:2 | Reached skill level 15 in Long Blades
 26598 | Shoals:2 | Reached XP level 18. HP: 103/108 MP: 27/27
 26673 | Shoals:2 | Reached skill level 5 in Armour
 26922 | Shoals:3 | Noticed Mlioglotl
 26926 | Shoals:3 | Noticed a lich
 26932 | Shoals:3 | Killed Mlioglotl
 27126 | Shoals:3 | Identified the +3 flail "Dikiel" {spect, rCorr}
 27510 | Shoals:4 | Entered Level 4 of the Shoals
 27648 | Shoals:4 | Reached skill level 18 in Fighting
 28341 | Shoals:4 | Got a barnacled rune of Zot
 29262 | Spider:4 | Reached XP level 19. HP: 108/115 MP: 27/29
 29347 | Spider:4 | Killed Louise
 29347 | Spider:4 | Bound Louise
 29402 | Spider:4 | Your ally Louise died
 29455 | Spider:4 | Reached skill level 19 in Fighting
 29876 | Spider:4 | Got a gossamer rune of Zot
 30331 | Elf:1    | Entered Level 1 of the Elven Halls
 30331 | Elf:1    | Found Nukezawu's Armour Boutique.
 30342 | Elf:1    | Bought the +0 pair of gloves of Vior {^Drain rElec rF++}
                  | for 486 gold pieces
 30342 | Elf:1    | Bought a +0 cloak of willpower for 184 gold pieces
 30357 | Elf:1    | Gained mutation: You are occasionally teleported next to
                  | monsters. [mutagenic glow]
 30384 | Elf:1    | Found Buifeos's Armour Emporium.
 30395 | Elf:1    | Lost mutation: You are occasionally teleported next to
                  | monsters. [potion of mutation]
 30395 | Elf:1    | Gained mutation: Your mind is acute. (Int +4, Str/Dex -1)
                  | [potion of mutation]
 30395 | Elf:1    | Gained mutation: You are agile. (Dex +4, Str/Int -1)
                  | [potion of mutation]
 30420 | Elf:1    | Found Obicvi's Weapon Shoppe.
 30639 | Elf:1    | Found Ezitauz's Assorted Antiques.
 30651 | Elf:1    | Bought a scroll of teleportation for 96 gold pieces
 31173 | Elf:1    | Found Pycut Noi's Weapon Shop.
 31383 | Elf:2    | Found Plog's Antique Weapon Shoppe.
 31391 | Elf:2    | Bought a crystal scimitar for 261 gold pieces
 31391 | Elf:2    | Identified the +4 scimitar "Ychaelot" {venom, rN+} (You
                  | bought it in a shop on level 2 of the Elven Halls)
 31498 | Elf:2    | Found a runed translucent gate.
 31499 | Elf:2    | Found a runed translucent gate.
 31499 | Elf:2    | Found a runed translucent gate.
 31828 | Elf:2    | Found Kigalar's Armour Shop.
 31830 | Elf:2    | Found Femol's Assorted Antiques.
 31846 | Elf:2    | Reached XP level 20. HP: 122/122 MP: 30/30
 31861 | Elf:2    | Paralysed by an air elemental for 1 turns
 31873 | Elf:2    | Paralysed by an air elemental for 1 turns
 31897 | Abyss:2  | Cast into level 2 of the Abyss (deep elf knight)
 32132 | Abyss:2  | Found a corrupted altar of Lugonu.
 32158 | Abyss:2  | Found a corrupted altar of Lugonu.
 32172 | Abyss:2  | Found a corrupted altar of Lugonu.
 32204 | Abyss:2  | Noticed a dread lich
 32382 | Abyss:2  | Gained mutation: Your body sometimes deteriorates upon
                  | taking damage. [a neqoxec]
 32397 | Abyss:2  | Paralysed by accursed screaming for 1 turns
 32490 | Elf:2    | Escaped the Abyss
 32681 | Elf:2    | Bought a scroll of teleportation for 87 gold pieces
 32681 | Elf:2    | Bought a polished chain mail for 275 gold pieces
 32681 | Elf:2    | Identified the +0 chain mail "Bataoby" {rC+ Will+ Str+3}
                  | (You bought it in a shop on level 2 of the Elven Halls)
 32729 | Elf:2    | Found Icazytz's Book Boutique.
 32820 | Elf:3    | Entered Level 3 of the Elven Halls
 32828 | Elf:3    | Found Tamy's Assorted Antiques.
 32880 | Elf:3    | Found Roginas's Jewellery Shoppe.
 32884 | Elf:3    | Found Ocicaiwk's Book Emporium.
 32884 | Elf:3    | Found Qisyfem's General Store.
 32887 | Elf:3    | Found Hoponorr's Armour Emporium.
 33143 | Elf:3    | Reached skill level 20 in Fighting
 33740 | Elf:3    | HP: 6/123 [deep elf master archer/arrow (17)]
 34372 | Elf:3    | Identified the +4 chain mail of the Game of Life {Regen+
                  | Str-2 Int+6 Dex-5}
 34450 | Elf:3    | Got Pieder's Book of Snowing Fumes
 34526 | Elf:3    | Identified the amulet "Itwor" {Acrobat Dex+3}
 34531 | Elf:3    | Identified the +10 plate armour "Koipnal" {Dex+3}
 34551 | Elf:3    | Identified the ring "Seucwah" {Wiz rPois rC+ Will+ rCorr}
 34665 | Elf:3    | Identified the +5 mace "Ogreslayer" {pain, *Noise rPois
                  | Will+ Str+6}
 35310 | Vaults:1 | Entered Level 1 of the Vaults
 35492 | Vaults:1 | Noticed Saint Roka
 35514 | Vaults:1 | Killed Saint Roka
 35683 | Vaults:1 | Reached skill level 15 in Shields
 35753 | Vaults:1 | Reached XP level 21. HP: 128/128 MP: 31/31
 36953 | Vaults:2 | Reached skill level 10 in Armour
 37274 | Vaults:2 | Found Fiogoumema's Weapon Emporium.
 37708 | Vaults:2 | Found Amaene Ziast's Armour Shoppe.
 37996 | Vaults:3 | Noticed Donald
 38003 | Vaults:3 | Killed Donald
 38004 | Vaults:3 | Reached skill level 21 in Fighting
 38081 | Vaults:3 | Identified the +0 helmet "Pasuenne" {Int+2}
 38834 | Vaults:3 | Found a staircase to the Crypt.
 38834 | Vaults:3 | Found a basalt altar of Yredelemnul.
 38834 | Vaults:3 | Found an ancient bone altar of Kikubaaqudgha.
 39029 | Vaults:4 | Reached XP level 22. HP: 135/135 MP: 33/33
 39050 | Vaults:4 | Paralysed by a formless jellyfish for 1 turns
 39100 | Vaults:4 | Found a flickering gateway to a bazaar.
 39109 | Bazaar   | Entered a bazaar
 39120 | Bazaar   | Found Muir Lead's Book Shop.
 39133 | Bazaar   | Found Aliq's Jewellery Shop.
 39141 | Bazaar   | Bought the ring of the Ten Knives {rF++ MP+9} for 400 gold
                  | pieces
 39826 | Vaults:4 | Got the Folio of the Other Side
 40094 | Vaults:4 | Noticed Xtahua
 40123 | Vaults:4 | Killed Xtahua
 40123 | Vaults:4 | Bound Xtahua
 40426 | Depths:1 | Entered Level 1 of the Depths
 40607 | Depths:1 | Found a one-way gateway to a ziggurat.
 40970 | Depths:1 | Found a one-way gate leading to the halls of Pandemonium.
 40982 | Depths:1 | Reached skill level 22 in Fighting
 41149 | Depths:1 | Found a gateway to Hell.
 41874 | Depths:2 | Reached XP level 23. HP: 118/142 MP: 34/34
 42548 | Depths:2 | Found a runed translucent gate.
 42548 | Depths:2 | Found a runed translucent gate.
 42548 | Depths:2 | Found an opulent altar of Gozag.
 42548 | Depths:2 | Found a runed translucent gate.
 42549 | Depths:2 | Noticed ongoing's ghost (veteran OnGl)
 42551 | Depths:2 | Found Xuynecs's Assorted Antiques.
 43020 | Elf:2    | Bought a manual of Armour for 1200 gold pieces
 44211 | Depths:3 | You are sucked into a shaft and drop 1 floor!
 44211 | Depths:4 | Entered Level 4 of the Depths
 44211 | Depths:4 | Noticed a golden dragon
 44218 | Depths:4 | Noticed a juggernaut
 44218 | Depths:4 | Killed a golden dragon
 44227 | Depths:4 | Killed a juggernaut
 44228 | Depths:4 | Reached skill level 15 in Invocations
 44525 | Depths:4 | Found a broken altar of Ashenzari.
 44545 | Depths:4 | Found a hide-covered altar of Uskayaw.
 44726 | Depths:4 | Noticed a golden dragon
 44738 | Depths:4 | Killed a golden dragon
 44906 | Depths:4 | Noticed a golden dragon
 44917 | Depths:4 | Killed a golden dragon
 44937 | Depths:4 | Found a gate to the Realm of Zot.
 44945 | Depths:4 | Got a midnight gem with 28 turns to spare
 44978 | Depths:4 | Reached skill level 23 in Fighting
 45238 | Depths:3 | Found Ganwi's Weapon Shoppe.
 45365 | Depths:3 | Your ally Xtahua died
 45404 | Depths:3 | Reached XP level 24. HP: 149/149 MP: 35/35
 46043 | Depths:3 | Bought 2 curare-tipped darts for 36 gold pieces
 46174 | Depths:3 | Identified the +0 pair of gloves of the Evil One {Will+}
 47128 | Elf:1    | Bought the +3 pair of boots "Baxier" {Str+5} for 592 gold
                  | pieces
 47938 | D:13     | You paid a toll of a +5 demon trident to enter a treasure
                  | trove
 47939 | Trove    | Entered a treasure trove
 48196 | Vaults:5 | Entered Level 5 of the Vaults
 48220 | Vaults:5 | Noticed a dread lich
 48235 | Vaults:5 | Killed a dread lich
 48237 | Vaults:5 | Identified the +1 scale mail "Odghur" {Will+++}
 48353 | Vaults:5 | Noticed an ancient lich
 48354 | Vaults:5 | Noticed a dread lich
 48459 | Vaults:5 | Identified the +1 leather armour of the Depths {^Drain rF+
                  | rCorr Int+3}
 48564 | Vaults:5 | Reached skill level 15 in Armour
 48566 | Vaults:5 | Identified the +7 hand axe of Juppuopp {flame, *Noise rN+
                  | rCorr Int+4}
 48768 | Vaults:5 | Got the Incunable of the Traveller
 48791 | Vaults:5 | Identified the +9 scimitar of Cugamecs {holy, rPois}
 48916 | Vaults:5 | Reached XP level 25. HP: 154/154 MP: 35/35
 49020 | Vaults:5 | Killed an ancient lich
 49027 | Vaults:5 | Reached skill level 10 in Evocations
 49031 | Vaults:5 | Killed a dread lich
 49133 | Vaults:5 | Found Gediun's Distillery.
 49144 | Vaults:5 | Got a silver rune of Zot
 49148 | Vaults:5 | Bought 2 potions of might for 136 gold pieces
 49148 | Vaults:5 | Bought a potion of might for 68 gold pieces
 49148 | Vaults:5 | Bought a potion of mutation for 136 gold pieces
 49148 | Vaults:5 | Bought a potion of curing for 51 gold pieces
 49302 | Vaults:5 | Got Wauge's Tractate on the Angular Serac
 49473 | Vaults:5 | Identified the staff of Truncation {rPois rF+ rC+ Ice}
 50164 | Elf:3    | Bought a scroll of enchant armour for 97 gold pieces
 50164 | Elf:3    | Bought a potion of magic for 104 gold pieces
 50164 | Elf:3    | Bought a potion of resistance for 130 gold pieces
 50199 | Elf:3    | Bought a scroll of teleportation for 108 gold pieces
 50199 | Elf:3    | Bought a scroll of teleportation for 108 gold pieces
 50243 | Elf:1    | Bought a shiny helmet for 240 gold pieces
 50243 | Elf:1    | Bought 2 scrolls of fog for 256 gold pieces
 50297 | Elf:2    | Bought a potion of mutation for 232 gold pieces
 50729 | Zot:1    | Entered Level 1 of the Realm of Zot
 50739 | Zot:1    | Noticed an orb of fire
 50750 | Zot:1    | Killed an orb of fire
 51510 | Zot:3    | Identified the +1 plate armour of Indomitability {Rampage
                  | Regen+ Str+3 Int-4}
 51794 | Zot:2    | Identified the +10 halberd of Gualaff {speed, ^Contam rCorr
                  | SInv}
 51855 | Zot:4    | Noticed a dread lich
 51863 | Zot:4    | Killed a dread lich
 52024 | Zot:5    | Entered Level 5 of the Realm of Zot
 52998 | Elf:3    | Bought a book of Spatial Translocations for 306 gold pieces
 53001 | Elf:3    | Learned a level 2 spell: Blink
 53550 | Zot:5    | Noticed an ancient lich
 53557 | Zot:5    | Killed an ancient lich
 53558 | Zot:5    | Reached skill level 1 in Translocations
 53558 | Zot:5    | Reached XP level 26. HP: 159/159 MP: 35/35
 53592 | Zot:5    | Noticed an orb of fire
 53599 | Zot:5    | Gained mutation: Your muscles are strong. (Str +4, Int/Dex
                  | -1) [an orb of fire]
 53601 | Zot:5    | Gained mutation: Your body often deteriorates upon taking
                  | damage. [an orb of fire]
 53608 | Zot:5    | Killed an orb of fire
 53610 | Zot:5    | Noticed an ancient lich
 54294 | Zot:5    | Noticed a Killer Klown
 54311 | Zot:5    | Killed a Killer Klown
 54591 | Zot:5    | Noticed a dread lich
 54607 | Zot:5    | Killed a dread lich
 54898 | Zot:5    | Noticed a dread lich
 54916 | Zot:5    | Killed a dread lich
 54966 | Zot:5    | Killed an ancient lich
 55194 | Zot:5    | Reached skill level 5 in Spellcasting
 55231 | Zot:5    | Noticed a Killer Klown
 55242 | Zot:5    | Killed a Killer Klown
 55242 | Zot:5    | Bound a Killer Klown
 55437 | Zot:5    | Reached skill level 10 in Dodging
 55465 | Zot:5    | Noticed an ancient lich
 55482 | Zot:5    | Killed an ancient lich
 55483 | Zot:5    | Reached skill level 5 in Translocations
 55740 | Zot:5    | Noticed an orb of fire
 55752 | Zot:5    | Killed an orb of fire
 55772 | Zot:5    | Noticed an ancient lich
 55791 | Zot:5    | Killed an ancient lich
 55953 | Zot:5    | Noticed an orb of fire
 55953 | Zot:5    | Noticed an orb of fire
 55953 | Zot:5    | Noticed an ancient lich
 55953 | Zot:5    | Noticed a Killer Klown
 55977 | Zot:5    | Noticed a dread lich
 55989 | Zot:5    | Killed a dread lich
 55994 | Zot:5    | Noticed a Killer Klown
 56001 | Zot:5    | Killed a Killer Klown
 56033 | Zot:5    | Killed an orb of fire
 56036 | Zot:5    | Killed an ancient lich
 56043 | Zot:5    | Killed a Killer Klown
 56044 | Zot:5    | Gained mutation: You occasionally shout uncontrollably at
                  | your foes. [an orb of fire]
 56045 | Zot:5    | Lost mutation: You are agile. (Dex +4, Str/Int -1) [an orb
                  | of fire]
 56049 | Zot:5    | Killed an orb of fire
 56143 | Zot:5    | Lost mutation: Your mind is acute. (Int +4, Str/Dex -1)
                  | [potion of mutation]
 56143 | Zot:5    | Lost mutation: You occasionally shout uncontrollably at
                  | your foes. [potion of mutation]
 56143 | Zot:5    | Lost mutation: Your body often deteriorates upon taking
                  | damage. [potion of mutation]
 56143 | Zot:5    | Gained mutation: Your system is resistant to poisons.
                  | (rPois) [potion of mutation]
 56144 | Zot:5    | Lost mutation: Your system is resistant to poisons. (rPois)
                  | [potion of mutation]
 56144 | Zot:5    | Lost mutation: Your muscles are strong. (Str +4, Int/Dex
                  | -1) [potion of mutation]
 56144 | Zot:5    | Lost mutation: Your body sometimes deteriorates upon taking
                  | damage. [potion of mutation]
 56144 | Zot:5    | Gained mutation: You are frail. (-10% HP) [potion of
                  | mutation]
 56144 | Zot:5    | Gained mutation: Your body sometimes deteriorates upon
                  | taking damage. [potion of mutation]
 56144 | Zot:5    | Gained mutation: You have hidden genetic potential. [potion
                  | of mutation]
 56145 | Zot:5    | Lost mutation: You are frail. (-10% HP) [potion of
                  | mutation]
 56145 | Zot:5    | Lost mutation: Your body sometimes deteriorates upon taking
                  | damage. [potion of mutation]
 56145 | Zot:5    | Gained mutation: Your flesh is cold resistant. (rC+)
                  | [potion of mutation]
 56378 | Zot:5    | Got the Orb of Zot
 56455 | Zot:3    | Noticed Edegiel the pandemonium lord
 56597 | D:15     | Reached XP level 27. HP: 164/164 MP: 35/35
 56625 | D:14     | Noticed Jaigarof the pandemonium lord
 57020 | D:$      | Escaped with the Orb!

Illustrated notes

Levels and vault maps discovered:
D:1:      psy_arrival_radial01, layout_loops_ring, minmay_misc_feat_hallway,
          chequers_serial_rivers_micro_d, minivault_26, minmay_heptomino_d4
D:2:      kb_forest_paths, layout_loops_ring
D:3:      layout_rooms, mainiacjoe_sewer_entry_somewhere_in_here_2
D:4:      layout_rooms, mainiacjoe_overflow_boulevard,
          grunt_temple_overflow_forces_of_nature, overflow_temple_1_default,
          uniq_sigmund
D:5:      layout_basic
D:6:      kennysheep_steamy, layout_basic,
          grunt_temple_overflow_order_and_chaos_1, serial_shops, shop,
          nicolae_take_the_stairs
D:7:      layout_basic, minitemple, temple_green, mrwooster_statue_mirror,
          uniq_maurice, uniq_menkaure
D:8:      layout_basic, lemuel_tele_altar, okawaru_gym_becter,
          grunt_decor_one_mirror, minmay_microvault
D:9:      layout_roguey, kennysheep_mini, serial_glass, glass_columns_a,
          glass_columns_a, feat_on_display
D:10:     minmay_chopped_fan, layout_loops_ring, grunt_lair_entry_orc_guard_hut,
          minmay_liquid_box, dreamdust_gnoll_shepherd
D:11:     layout_roguey, zombieorc2_lemuel, portal_ice_cave_entry_imps,
          special_room [special_room_orc], palyth_stone_intersect,
          kennysheep_generic_room_11, uniq_snorg
D:12:     layout_loops_ring
D:13:     layout_cave_pools, enter_trove_2, elyvilon_altar_1
D:14:     layout_basic, david_vaults_5, minmay_misc_feat_iff, serial_shops,
          nicolae_shop_just_a_little_nook
D:15:     gammafunk_enter_depths_forms, layout_long_grid,
          minmay_strange_pillars, columned_hall_lemuel
Temple:   corrupted_temple
Lair:1:   minmay_lair_oklob_tunnel, layout_long_grid,
          gammafunk_ghost_abyssal_escape, chequers_serial_rivers_small_3,
          beast_lair_carwin_5, uniq_grum
Lair:2:   nzn_winding_woodlands_medium [nzn_winding_woodlands_5x5_checkerboard,
          nzn_winding_woodlands_5x15_concentric,
          nzn_winding_woodlands_5x5_cross,
          nzn_winding_woodlands_5x5_closed_star,
          nzn_winding_woodlands_center_pierced_h,
          nzn_winding_woodlands_5x5_default,
          nzn_winding_woodlands_5x5_perimeter,
          nzn_winding_woodlands_5x15_pathside_ponds,
          nzn_winding_woodlands_hourglass], layout_gridlike,
          spider_nest_entry_funnel_web
Lair:3:   gammafunk_cloud_chamber, layout_concentric_octagons,
          minmay_shoals_entry_centaurs
Lair:4:   layout_cave_pods, nicolae_slime_entry_field_trip,
          serial_bayou_shore_b, serial_bayou_shore_b
Lair:5:   cheibrodos_lair_end_hotspot, layout_regular_city
Shoals:1: layout_shoals, nicolae_shoals_nymph_descending_staircase
Shoals:2: layout_shoals, nicolae_shoals_arrival_archipelago, uniq_polyphemus
Shoals:3: layout_shoals, uniq_mlioglotl
Shoals:4: shoals_end_grunt_ice, layout_shoals
Spider:1: layout_chambers, uniq_roxanne
Spider:2: layout_chambers
Spider:3: layout_spider_delve, hangedman_spider_tarantella_strand, uniq_arachne,
          uniq_aizul, uniq_nikola
Spider:4: hellmonk_spider_rune_bug_friends, uniq_louise
Orc:1:    layout_caves
Orc:2:    st_orc_rangers, layout_caves, nooodl_orcs_dogs
Elf:1:    layout_gridlike, serial_shops, shop,
          nicolae_shop_bloodbath_and_beyond, nicolae_shop_waterfront,
          nicolae_shop_real_fake_doors, nicolae_shop_pleasant_corner_grove,
          nicolae_elf_shapeshifter_party
Elf:2:    nicolae_elf_blades_crystal_corner, layout_gridlike, serial_shops,
          shop, shop, shop, shop, nicolae_elf_glass_and_crystal_pillar_1
Elf:3:    minmay_elf_hall, layout_geoelf_grid, serial_shops,
          nicolae_shop_dealshenge, minmay_shoptagon
Vaults:1: v_misc_26, hangedman_vaults_hat, hangedman_vaults_unwind,
          nicolae_vaults_lopsided_apartments, nicolae_vaults_house_2,
          nicolae_vaults_double_plus_1, v_misc_12,
          nicolae_vaults_closet_pinwheel_6, v_misc_1,
          vaults_dpeg_emergency_exit, nicolae_vaults_lightning_bolt,
          nicolae_vaults_little_squares_2, nicolae_vaults_asterisk,
          layout_vaults_maze_snakey, uniq_saint_roka
Vaults:2: st_more_cells, ontoclasm_vaults_ring_square, vaults_room_pools,
          ontoclasm_vaults_pinch, nicolae_vaults_turnstiles,
          vaults_standard_mumra_x, ontoclasm_vaults_spin, v_alt_pattern_3,
          v_misc_15, nicolae_vaults_taking_the_gang_shopping,
          nicolae_vaults_network_star, grunt_vaults_swirl,
          nicolae_vaults_storage_room_doors, nicolae_vaults_double_plus_2,
          nicolae_vaults_trapezoid_1, layout_vaults_big_cross, serial_shops,
          shop
Vaults:3: nicolae_vaults_octothorpe, nicolae_vaults_network_barrier,
          minmay_crypt_entry_necro_gods, nicolae_vaults_yaktaur_gun_rack,
          layout_vaults_chaotic_city, uniq_donald
Vaults:4: hangedman_vaults_corner, nicolae_vaults_triangles,
          nicolae_vaults_six-pack, vaults_room_pools, vaults_mumra_minichess,
          v_misc_26, v_alt_pattern_3, vaults_dpeg_diagonal, v_misc_15,
          ontoclasm_vaults_chip, nicolae_vaults_little_squares_1,
          nicolae_vaults_little_squares_4, layout_vaults_omnibox, serial_shops,
          bzr_firewalk, uniq_xtahua
Vaults:5
Depths:1: layout_basic, enter_ziggurat_c, rand_demon_pan_entry_4,
          abyss_entry_crystal, hell_entry, minmay_holes,
          hangedman_abyss_or_decor_clamps, minmay_stone_trees_medium
Depths:2: minmay_the_grid_octo_tiled_squarecenter_mashed
          [minmay_the_grid_octo_77, minmay_the_grid_octo_concentric,
          minmay_the_grid_octo_teeth, minmay_the_grid_octo_clover,
          minmay_the_grid_square_5x5_megaprize_checkered,
          minmay_the_grid_square_5x5_bite, minmay_the_grid_square_5x5_slash,
          minmay_the_grid_square_5x5_longway,
          minmay_the_grid_square_5x5_fancy_junction], layout_cave_shapes,
          rand_demon_pan_entry_8, hell_entry, serial_bayou, serial_bayou_pond_a,
          serial_bayou_crossing, serial_bayou_pond_e, serial_bayou_lagoon_a,
          ebering_ghost_gozag
Depths:3: kennysheep_room_grid, layout_gridlike,
          grunt_hell_entry_demonic_statue, serial_shops,
          nicolae_shop_statue_plus, abyss_entry
Depths:4: grunt_zot_entry_hairpin, layout_basic, nicolae_uskayaw_dance_hall,
          hell_entry, ashenzari_altar_1, grunt_megastairs_2
Zot:1:    layout_basic, uniq_parghit
Zot:2:    layout_gridlike, hangedman_spider_trapstep
Zot:3:    kennysheep_ambush_hall, layout_onion, hangedman_zot_spectrum
Zot:4:    hangedman_snap_crack_crunch, layout_cathedral_of_symmetry
Zot:5:    layout_basic, st_stairs_10, skrybe_zot_glass_2

Skill      XL: |  1  2  3  4  5  6  7  8  9 10 11 12 13 14 15 16 17 18 19 20 21 22 23 24 25 26 27 |
---------------+----------------------------------------------------------------------------------+-----
Long Blades    | 3 4 5 6 7 8 10 12 13 14 15 16 17 18 19 | 19.6
Spellcasting   | 1 2 5 |  5.0
Fighting       | 3 4 5 6 7 8 10 12 14 15 16 17 18 19 20 21 22 23 | 23.0
Dodging        | 3 4 5 7 9 11 | 11.1
Evocations     | 3 4 5 6 9 12 | 12.2
Invocations    | 2 5 7 9 10 11 12 13 14 15 | 15.2
Shields        | 1 4 6 7 9 10 11 12 13 14 15 16 17 18 19 | 19.0
Armour         | 3 4 6 8 9 10 11 13 15 16 17 | 17.0
Translocations | 1 8 |  8.0

Action                     |  1- 3 |  4- 6 |  7- 9 | 10-12 | 13-15 | 16-18 | 19-21 | 22-24 | 25-27 || total
---------------------------+-------+-------+-------+-------+-------+-------+-------+-------+-------++-------
  Melee: Falchion          |    12 |    43 |   340 |     5 |       |       |       |       |       ||   400
         Bite              |    16 |    57 |   127 |   164 |   382 |   500 |   663 |   655 |   360 ||  2924
         Short sword       |    55 |   133 |    10 |       |       |       |       |       |       ||   198
         Scimitar          |       |       |       |   399 |   871 |  1077 |  1421 |   567 |       ||  4335
         Demon blade       |       |       |       |       |       |       |       |   660 |   621 ||  1281
  Throw: Javelin           |       |       |    12 |       |       |       |       |       |       ||    12
         Dart              |       |       |     4 |     3 |       |       |       |       |       ||     7
   Cast: Blink             |       |       |       |       |       |       |       |       |     2 ||     2
 Invoke: Light the Black T |       |       |     2 |     4 |     7 |    11 |     6 |     6 |     5 ||    41
         Hurl Torchlight   |       |       |       |     2 |     2 |     1 |       |       |     1 ||     6
         Recall Undead Har |       |       |       |       |     4 |     9 |    23 |    14 |    19 ||    69
         Bind Soul         |       |       |       |       |     1 |     1 |     3 |     2 |     1 ||     8
         Fathomless Shackl |       |       |       |       |       |     5 |     3 |     6 |     1 ||    15
  Evoke: Wand              |       |       |    16 |     2 |       |       |     8 |       |     9 ||    35
         Sack of spiders   |       |       |       |     2 |       |       |     2 |       |     2 ||     6
         Phantom mirror    |       |       |       |     1 |     1 |     1 |     3 |       |     1 ||     7
         Condenser vane    |       |       |       |       |       |     1 |     2 |       |     2 ||     5
    Use: Scroll            |     2 |     2 |     6 |     5 |     5 |    15 |    13 |    14 |    15 ||    77
         Potion            |       |       |       |     5 |     3 |     3 |     3 |     3 |    11 ||    28
   Stab: Invisible         |       |       |       |     2 |       |     4 |       |       |     8 ||    14
         Distracted        |       |       |       |     6 |    22 |    21 |    35 |    42 |    37 ||   163
         Petrified         |       |       |       |       |       |     1 |       |       |       ||     1
         Confused          |       |       |       |       |       |       |     1 |     1 |       ||     2
         Fleeing           |       |       |       |       |       |       |     1 |       |       ||     1
         Paralysed         |       |       |       |       |       |       |       |     2 |       ||     2
         Held in net/web   |       |       |       |       |       |       |       |       |     1 ||     1
 Armour: Robe              |    27 |    37 |       |       |       |       |       |       |       ||    64
         Ring mail         |       |    62 |   125 |       |       |       |       |       |       ||   187
         Chain mail        |       |       |   124 |   305 |   507 |   651 |   420 |       |       ||  2007
         Leather armour    |       |       |    10 |       |       |       |       |       |       ||    10
         Plate armour      |       |       |       |       |       |       |   158 |   431 |   181 ||   770
  Dodge: Dodged            |    32 |   103 |   192 |   176 |   361 |   609 |   468 |   302 |   177 ||  2420
  Block: Kite shield       |       |       |       |       |   474 |   670 |       |       |       ||  1144
         Tower shield      |       |       |       |       |       |   103 |  1601 |  1428 |   524 ||  3656

Table legend: (Time is in decaauts)
 A = Elapsed time spent in this place.
 B = Non-inter-level travel time spent in this place.
 C = Inter-level travel time spent in this place.
 D = Time resting spent in this place.
 E = Time spent auto-exploring this place.
 F = Levels seen in this place.
 G = Mean time per level.
                   A        B        C        D        E       F      G
               +--------+--------+--------+--------+--------+-----+--------+
         Total |  55906 |  46798 |   9108 |   6730 |  25119 |  53 | 1054.8 |
       Dungeon |  17184 |  12744 |   4440 |    788 |   8375 |  15 | 1145.6 |
        Temple |     51 |     28 |     23 |      0 |      0 |   1 |   51.0 |
          Lair |   5265 |   4585 |    680 |     27 |   3369 |   5 | 1053.0 |
        Shoals |   3039 |   2895 |    144 |    227 |   1717 |   4 |  759.8 |
   Spider Nest |   4754 |   4198 |    556 |    550 |   2633 |   4 | 1188.5 |
  Orcish Mines |   1756 |   1289 |    467 |    134 |    655 |   2 |  878.0 |
   Elven Halls |   5365 |   4309 |   1056 |    985 |   1784 |   3 | 1788.3 |
        Vaults |   6506 |   6067 |    439 |    399 |   3646 |   5 | 1301.2 |
        Depths |   5435 |   4600 |    835 |   1089 |   2223 |   4 | 1358.8 |
           Zot |   4716 |   4251 |    465 |   2058 |    559 |   5 |  943.2 |
         Abyss |    600 |    600 |      0 |    109 |      0 |   1 |  600.0 |
        Bazaar |     49 |     49 |      0 |      0 |     42 |   1 |   49.0 |
         Trove |     53 |     53 |      0 |      0 |      0 |   1 |   53.0 |
         Sewer |    225 |    225 |      0 |      0 |     93 |   1 |  225.0 |
      Ice Cave |    902 |    902 |      0 |    360 |     22 |   1 |  902.0 |
               +--------+--------+--------+--------+--------+-----+--------+

Top non-repeatable levels by time:
   Zot:5: 3344 daAuts
    D:14: 2348 daAuts
   Elf:3: 2295 daAuts
Depths:2: 1884 daAuts
   Elf:1: 1696 daAuts
    D:15: 1638 daAuts
     D:6: 1487 daAuts
Vaults:5: 1475 daAuts
    D:11: 1432 daAuts
Spider:1: 1404 daAuts
Vaults:2: 1396 daAuts
   Elf:2: 1373 daAuts
    D:10: 1298 daAuts
Spider:3: 1294 daAuts
Depths:4: 1282 daAuts
